 Dungeon Crawl Stone Soup version 0.15.1-3-g1b33baa (webtiles) character file.

4353 CrazyArbalest the Slinger (level 10, -4/66 HPs)
             Began as a Halfling Fighter on Oct 6, 2014.
             Was a High Priest of Makhleb.
             Slain by a yak (6 damage)
             ... on Level 7 of the Dungeon.
             The game lasted 00:59:38 (7602 turns).

CrazyArbalest the Slinger (Halfling Fighter)        Turns: 7602, Time: 00:59:38

HP  -4/66        AC  8     Str 13      XL: 10   Next: 60%
MP  10/10        EV 13     Int 12      God: Makhleb [*****.]
Gold 263         SH  7     Dex 18      Spells:  0 memorised,  9 levels left

rFire  + . .     SeeInvis .     b - +0 hunting sling
rCold  + . .     Clarity  .     D - -1 ring mail of Refuge {rPois rF+ rC+ Slay+3}
rNeg   . . .     rCorr    .     c - +0 buckler
rPois  +         rRot     .     (no helmet)
rElec  .         Spirit   .     y - +0 cloak
SustAb .         Warding  .     h - +1 pair of gloves
rMut   .         Stasis   .     (no boots)
Gourm  .                        (no amulet)
MR     .....                    I - cursed -3 ring of strength
                                f - +1 ring of slaying

@: brilliant, about to teleport, not resistant to hostile enchantments, very
unstealthy
A: mutation resistance 1
a: Minor Destruction, Lesser Servant of Makhleb, Major Destruction, Greater
Servant of Makhleb, Renounce Religion


You were on level 7 of the Dungeon.
You worshipped Makhleb.
Makhleb was extremely pleased with you.
You were hungry.

You visited 1 branch of the dungeon, and saw 8 of its levels.

You collected 554 gold pieces.
You spent 291 gold pieces at shops.

Inventory:

Hand weapons
 a - a +0 cutlass
 b - a +0 hunting sling (weapon)
Missiles
 l - 176 stones (quivered)
 M - 37 bolts
Armour
 c - a +0 buckler (worn)
 h - a +1 pair of gloves (worn)
 s - a +0 scale mail
 y - a +0 cloak (worn)
 D - the cursed -1 ring mail of Refuge (worn) {rPois rF+ rC+ Slay+3}
   (You bought it in a shop on level 5 of the Dungeon)

   It affects your accuracy and damage with ranged weapons and melee attacks
   (+3).
   It protects you from fire.
   It protects you from cold.
   It protects you from poison.
   It has a curse placed upon it.
 J - a +0 pair of gloves
Magical devices
 F - a wand of enslavement (5)
 R - a wand of fireball (4)
Comestibles
 d - 8 bread rations
 x - 8 beef jerkies
 z - a meat ration
 Q - 3 slices of pizza
Scrolls
 g - 3 scrolls of magic mapping
 m - 3 scrolls of amnesia
 n - a scroll of noise {unknown}
 o - a scroll of remove curse
 v - a scroll of fog {unknown}
 B - 6 scrolls of identify
 E - 2 scrolls of fear
Jewellery
 f - a +1 ring of slaying (left hand)
 q - an uncursed ring of teleportation
 u - a -2 ring of evasion
 I - a cursed -3 ring of strength (right hand)
 S - an uncursed amulet of stasis
Potions
 e - 2 potions of might
 i - 2 potions of agility {unknown}
 j - 2 potions of heal wounds {unknown}
 k - 2 potions of confusion {unknown}
 p - a potion of resistance {unknown}
 t - a potion of degeneration {unknown}
 w - a potion of restore abilities {unknown}
 G - a potion of brilliance
 H - a potion of poison {unknown}
 K - a potion of lignification {unknown}
 N - 2 potions of cancellation {unknown}
 T - a potion of curing
Books
 A - a book of Necromancy

   Spells                             Type                      Level
   Pain                               Necromancy                   1
   Animate Skeleton                   Necromancy                   1
   Vampiric Draining                  Necromancy                   3
   Regeneration                       Charms/Necromancy            3
   Animate Dead                       Necromancy                   4
   Control Undead                     Necromancy                   4
 L - a book of Ice

   Spells                             Type                      Level
   Metabolic Englaciation             Hexes/Ice                    5
   Ozocubu's Refrigeration            Ice                          6
   Bolt of Cold                       Conjuration/Ice              6
   Freezing Cloud                     Conjuration/Ice/Air          6
   Simulacrum                         Ice/Necromancy               6


   Skills:
 + Level 5.2 Fighting
 + Level 7.5 Short Blades
 * Level 12.8 Slings
 + Level 5.8 Armour
 + Level 6.2 Dodging
 + Level 0.9 Stealth
 + Level 5.9 Shields
 + Level 0.4 Invocations
 + Level 0.2 Evocations


You had 9 spell levels left.
You didn't know any spells.

Dungeon Overview and Level Annotations

Branches:
Dungeon (8/15)             Temple (0/1) D:6
   Lair: D:8-11

Altars:
Fedhas
Makhleb
Nemelex Xobeh
Okawaru
Sif Muna
Vehumet

Shops:
D:5 [   D:6 }   D:8 !


Innate Abilities, Weirdness & Mutations

You are small and have problems with some larger weapons.
You are somewhat resistant to further mutation.


Message History

Firing (i - inventory):
l - 177 stones (quivered)
Press: ? - help, Shift-Dir - straight line, f/p - yak
Aim: a yak (lightly wounded)
You shoot a stone. The stone barely misses the yak.
The yak gores you. You block the yak's attack.
Read which item? (? for menu, Esc to quit)
As you read the scroll of teleportation, it crumbles to dust.
You feel strangely unstable. The yak gores you! The yak gores you!
* * * LOW HITPOINT WARNING * * *
You block the yak's attack.
Drink which item? (? for menu, Esc to quit)
You feel better. The yak gores you!
* * * LOW HITPOINT WARNING * * *
The yak gores you but does no damage. You block the yak's attack.
Drink which item? (? for menu, Esc to quit)
You feel clever all of a sudden.
It was a potion of brilliance.
The yak gores you!
* * * LOW HITPOINT WARNING * * *
The yak misses you. The yak gores you.
You die...

#.#.).[#...# #.#.##.#.### ##
#.#.##.#.# #. ### #......#.# #.
..########### ###.>....# #.
..##........#### ######## ###.
..##.###.......# ##...
.........##.##.#### #...#
..##.##..##(...Y@Y# #...#
#.##.##..#####.##Y###### #...#
.....##..##.......##...## #...#
#.#####........#..#.....# #.[.#
#.#####.................# #....
#.............##..#.....#####....
#####.#.......##...<.............
####.#..........####............
#............##.# #...........)


You could see 3 yaks.

Vanquished Creatures
  Grinder (D:6)
  4 yaks (D:8)
  Eustachio (D:6)
  Edmund (D:6)
  An orc warrior (D:8)
  2 porcupines (D:8)
  3 ice beasts
  A phantom (D:7)
  A water moccasin (D:5)
  8 ogres
  A sky beast (D:7)
  Duvessa (D:5)
  A gnoll sergeant (D:7)
  3 giant frogs
  3 scorpions
  A wyvern skeleton (D:5)
  4 wights (D:6)
  Dowan (D:5)
  2 crimson imps
  2 goliath beetles
  6 hounds
  A jelly (D:6)
  An iguana (D:4)
  5 worker ants
  An orange rat (D:7)
  2 orc wizards (D:6)
  Jessica (D:2)
  A big kobold zombie (D:5)
  An ogre skeleton (D:7)
  Terence (D:2)
  14 gnolls
  5 green rats
  11 adders
  2 shadow imps
  A giant mite (D:3)
  2 worms
  An adder zombie (D:8)
  An iguana skeleton (D:4)
  An ooze (D:4)
  13 orcs
  3 ball pythons
  4 giant cockroaches
  8 goblins
  16 hobgoblins
  25 jackals
  13 kobolds
  3 quokkas
  11 bats
  5 giant geckos
  A giant gecko skeleton (D:6)
  4 giant newts
  A giant spore (D:7)
  A jackal zombie (D:5)
  A kobold skeleton (D:6)
  An orc skeleton (D:4)
  24 rats
  A rat zombie (D:5)
  2 ballistomycetes (D:7)
237 creatures vanquished.

Vanquished Creatures (others)
  3 fungi (D:8)
  4 plants (D:8)
7 creatures vanquished.

Grand Total: 244 creatures vanquished

Notes
Turn   | Place    | Note
--------------------------------------------------------------
     0 | D:1      | CrazyArbalest, the Halfling Fighter, began the quest for the Orb.
     0 | D:1      | Reached XP level 1. HP: 15/15 MP: 1/1
    80 | D:1      | Reached XP level 2. HP: 20/20 MP: 2/2
   407 | D:1      | Reached XP level 3. HP: 26/26 MP: 3/3
   536 | D:2      | Noticed Terence
   547 | D:2      | Killed Terence
   585 | D:2      | Reached skill level 1 in Dodging
   655 | D:2      | Noticed Jessica
   664 | D:2      | Killed Jessica
   664 | D:2      | Reached XP level 4. HP: 27/31 MP: 4/4
   912 | D:2      | Reached XP level 5. HP: 31/36 MP: 5/5
  1191 | D:2      | Reached skill level 4 in Short Blades
  1244 | D:2      | Found a burning altar of Makhleb.
  1251 | D:2      | Became a worshipper of Makhleb the Destroyer
  1524 | D:3      | Found a blossoming altar of Fedhas.
  1671 | D:3      | Acquired Makhleb's first power
  1692 | D:3      | Reached XP level 6. HP: 30/42 MP: 6/6
  2441 | D:4      | Found a sparkling altar of Nemelex Xobeh.
  2521 | D:4      | Acquired Makhleb's second power
  2633 | D:4      | Reached skill level 1 in Slings
  2633 | D:4      | Reached XP level 7. HP: 29/47 MP: 7/7
  2689 | D:4      | Reached skill level 5 in Short Blades
  3057 | D:5      | Entered Level 5 of the Dungeon
  3057 | D:5      | Noticed Dowan
  3060 | D:5      | Noticed Duvessa
  3084 | D:5      | Killed Duvessa
  3248 | D:5      | Killed Dowan
  3307 | D:5      | Found a radiant altar of Vehumet.
  3307 | D:5      | Found an iron altar of Okawaru.
  3484 | D:5      | Reached XP level 8. HP: 43/54 MP: 8/8
  3777 | D:5      | Found Exzue's Antique Armour Shoppe.
  3801 | D:5      | Acquired Makhleb's third power
  3801 | D:5      | Reached skill level 5 in Slings
  3923 | D:5      | Bought a transparent ring mail for 243 gold pieces
  3934 | D:5      | Identified the cursed -1 ring mail of Refuge {rPois rF+ rC+ Slay+3} (You bought it in a shop on level 5 of the Dungeon)
  4195 | D:5      | Reached skill level 6 in Slings
  4195 | D:5      | Reached skill level 5 in Armour
  4589 | D:5      | Reached skill level 7 in Slings
  4826 | D:6      | Reached skill level 8 in Slings
  4853 | D:6      | Noticed Eustachio
  4854 | D:6      | Noticed Edmund
  4871 | D:6      | Killed Eustachio
  4871 | D:6      | Reached XP level 9. HP: 51/59 MP: 9/9
  4960 | D:6      | Acquired Makhleb's fourth power
  5004 | D:6      | Reached skill level 5 in Shields
  5070 | D:6      | Noticed Grinder
  5077 | D:6      | Paralysed by Grinder for 5 turns
  5087 | D:6      | Killed Grinder
  5087 | D:6      | Reached skill level 9 in Slings
  5087 | D:6      | Reached skill level 5 in Dodging
  5334 | D:6      | Killed Edmund
  5451 | D:6      | Reached skill level 10 in Slings
  5461 | D:6      | Found Osuotaol's Gadget Boutique.
  5536 | D:6      | Found a staircase to the Ecumenical Temple.
  5882 | D:7      | Found a deep blue altar of Sif Muna.
  5976 | D:7      | Acquired Makhleb's fifth power
  6004 | D:7      | Reached skill level 11 in Slings
  6004 | D:7      | Reached XP level 10. HP: 65/65 MP: 10/10
  6095 | D:7      | Reached skill level 5 in Fighting
  6961 | D:8      | Found Zystrif's Distillery.
  6969 | D:8      | Bought a potion of curing for 24 gold pieces
  6969 | D:8      | Bought a potion of curing for 24 gold pieces
  7254 | D:8      | Reached skill level 12 in Slings
  7602 | D:7      | HP: 2/66 [yak (12)]
  7602 | D:7      | Slain by a yak

Action                   |  1- 3 |  4- 6 |  7- 9 | 10-12 || total
-------------------------+-------+-------+-------+-------++-------
Melee: Cutlass           |   105 |   277 |   373 |   143 ||   898
 Fire: Hunting sling     |       |     4 |   157 |    94 ||   255
Invok: Minor Destruction |       |       |     2 |       ||     2
Evoke: Wand              |       |       |       |     2 ||     2
  Use: Scroll            |       |     4 |     1 |     3 ||     8
       Potion            |       |       |       |     2 ||     2
 Stab: Fleeing           |       |       |       |     1 ||     1
  Eat: Chunk             |       |     6 |    11 |     3 ||    20
       Fruit             |       |       |       |     2 ||     2
